 Dungeon Crawl Stone Soup version 0.29-a0-830-gcb1280458a (webtiles) character file.

Game seed: 3125149221833083670

88 Riddle the Skirmisher (level 4, -1/38 HPs)
             Began as a Gnoll Hunter on July 12, 2022.
             Slain by Terence
             ... wielding a +1 mace of protection
              (11 damage)
             ... on level 2 of the Dungeon.
             The game lasted 00:01:10 (1317 turns).

Riddle the Skirmisher (Gnoll Hunter)                Turns: 1317, Time: 00:01:10

Health: -1/38      AC:  3    Str: 13    XL:     4   Next: 54%
Magic:  5/5        EV: 13    Int:  8    God:
Gold:   92         SH:  0    Dex: 15    Spells: 5/5 levels left

rFire   . . .      SeeInvis .   a - +0 shortbow
rCold   . . .      Faith    .   (shield currently unavailable)
rNeg    . . .      Spirit   .   c - +0 leather armour
rPois   .          Reflect  .   (no helmet)
rElec   .          Harm     .   (no cloak)
rCorr   .          Rampage  .   (no gloves)
Will    .....                   (no boots)
Stlth   ++........              (no amulet)
HPRegen 0.12/turn               (no ring)
MPRegen 0.09/turn               (no ring)

@: no status effects
A: fangs 1, strong nose, distributed training
a: no special abilities


You were on level 2 of the Dungeon.
You visited 1 branch of the dungeon, and saw 2 of its levels.

You collected 92 gold pieces.

Inventory:

Hand Weapons
 a - a +0 shortbow (weapon)
Armour
 c - a +0 leather armour (worn)
Jewellery
 g - a ring of protection from fire
Scrolls
 b - a scroll of immolation
 d - a scroll of fog {unknown}
 e - 2 scrolls of identify {unknown}
 f - a scroll of enchant armour {unknown}
 i - a scroll of magic mapping {unknown}


   Skills:
 + Level 4.7 Fighting
 + Level 1.2 Short Blades
 + Level 1.2 Long Blades
 + Level 1.2 Axes
 + Level 1.2 Maces & Flails
 + Level 1.2 Polearms
 + Level 1.2 Staves
 + Level 8.6 Ranged Weapons
 + Level 1.2 Throwing
 + Level 1.2 Armour
 + Level 4.7 Dodging
 + Level 2.6 Stealth
 + Level 1.2 Shields
 + Level 1.2 Unarmed Combat
 + Level 1.2 Spellcasting
 + Level 1.0 Conjurations
 + Level 1.0 Hexes
 + Level 1.0 Summonings
 + Level 1.0 Necromancy
 + Level 1.0 Translocations
 + Level 1.0 Transmutations
 + Level 1.0 Fire Magic
 + Level 1.0 Ice Magic
 + Level 1.0 Air Magic
 + Level 1.0 Earth Magic
 + Level 1.0 Poison Magic
 + Level 1.3 Invocations
 + Level 1.2 Evocations


You had 5 spell levels left.
You didn't know any spells.
Your spell library was empty.

Dungeon Overview and Level Annotations

Branches:
Dungeon (2/15)

Altars:

Annotations:
D:2 Natasha, Terence


Innate Abilities, Weirdness & Mutations

You have very sharp teeth.
Your uncanny sense of smell can sniff out nearby items.
Your experience applies equally to all skills.


Message History

You don't know any spells.
Throw: 5 darts (poison)
Press: ? - help, Q - select action, (/) - cycle Shift-Dir - straight line, f/p - Terence
Aim: Terence, wielding a +1 mace of protection and wearing a +0 scale mail (lightly wounded, 64% to hit)
You throw a poisoned dart. The poisoned dart hits Terence.
Terence is lightly wounded.
Terence closely misses you.
Unknown command.
Throw: 4 darts (poison)
Press: ? - help, Q - select action, (/) - cycle Shift-Dir - straight line, f/p - Terence
Aim: Terence, wielding a +1 mace of protection and wearing a +0 scale mail (lightly wounded, 64% to hit)
You throw a poisoned dart.
The poisoned dart barely misses Terence.
Terence barely misses you.
Unknown command.
Unknown command.
Throw: 3 darts (poison)
Press: ? - help, Q - select action, (/) - cycle Shift-Dir - straight line, f/p - Terence
Aim: Terence, wielding a +1 mace of protection and wearing a +0 scale mail (lightly wounded, 64% to hit)
You throw a poisoned dart. The poisoned dart hits Terence.
Terence is poisoned.
Terence is lightly wounded.
Terence barely misses you.
Unknown command.
Unknown command.
Throw: 2 darts (poison)
Press: ? - help, Q - select action, (/) - cycle Shift-Dir - straight line, f/p - Terence
Aim: Terence, wielding a +1 mace of protection and wearing a +0 scale mail (lightly wounded, poisoned, 64% to hit)
You throw a poisoned dart.
The poisoned dart barely misses Terence.
Terence hits you with a +1 mace of protection.
* * * LOW HITPOINT WARNING * * *
Unknown command.
Throw: dart (poison)
Press: ? - help, Q - select action, (/) - cycle Shift-Dir - straight line, f/p - Terence
Aim: Terence, wielding a +1 mace of protection and wearing a +0 scale mail (lightly wounded, poisoned, 64% to hit)
You throw a poisoned dart. The poisoned dart hits Terence.
Terence looks even sicker.
Terence is lightly wounded.
Terence hits you with a +1 mace of protection!
You die...

#####.≈# #.# ##...≈≈# #.# #
######.#..#≈# #.# #
#...#.###.#####.######## #
#.#..## ##.###.....).... #
###...#.###.###.....######
### #........#.## ##...## ..#
#.##.##.#.######..## #.#
#.#...#.#.@@bh....# #.#
#.......#########5#
#.#####.......# ##'##
(....##.......# #..b#
#†##.##.#...#.# #.$...#
#.##.##.##.##.## #.......#
.....##........# #.........#
..................+.........+
.##..#####.#...####.........#


You could see Terence (very poisoned), Natasha, a crimson imp (summoned) and a
bat.

Vanquished Creatures
  Natasha (D:2)
  3 adders (D:2)
  A bat (D:1)
  3 endoplasms
  4 giant cockroaches
  4 goblins
  3 hobgoblins (D:1)
  2 quokkas
  5 ball pythons
  A frilled lizard (D:1)
  4 kobolds
  4 rats
35 creatures vanquished.

Notes
Turn   | Place    | Note
-------+----------+-------------------------------------------
     0 | D:1      | Riddle the Gnoll Hunter began the quest for the Orb.
     0 | D:1      | Reached XP level 1. HP: 20/20 MP: 1/1
    21 | D:1      | Found a faded altar of an unknown god.
   125 | D:1      | Reached XP level 2. HP: 26/26 MP: 2/2
   629 | D:1      | Reached XP level 3. HP: 31/31 MP: 3/3
   852 | D:2      | Noticed Natasha
   858 | D:2      | Killed Natasha
   859 | D:2      | Reached skill level 1 in Short Blades
   859 | D:2      | Reached skill level 1 in Long Blades
   859 | D:2      | Reached skill level 1 in Axes
   859 | D:2      | Reached skill level 1 in Maces & Flails
   859 | D:2      | Reached skill level 1 in Polearms
   859 | D:2      | Reached skill level 1 in Staves
   859 | D:2      | Reached skill level 1 in Throwing
   859 | D:2      | Reached skill level 1 in Armour
   859 | D:2      | Reached skill level 1 in Shields
   859 | D:2      | Reached skill level 1 in Unarmed Combat
   859 | D:2      | Reached skill level 1 in Spellcasting
   859 | D:2      | Reached skill level 1 in Invocations
   859 | D:2      | Reached skill level 1 in Evocations
   972 | D:2      | Reached XP level 4. HP: 38/38 MP: 5/5
  1059 | D:2      | Reached skill level 1 in Conjurations
  1059 | D:2      | Reached skill level 1 in Hexes
  1059 | D:2      | Reached skill level 1 in Summonings
  1059 | D:2      | Reached skill level 1 in Necromancy
  1059 | D:2      | Reached skill level 1 in Translocations
  1059 | D:2      | Reached skill level 1 in Transmutations
  1059 | D:2      | Reached skill level 1 in Fire Magic
  1059 | D:2      | Reached skill level 1 in Ice Magic
  1059 | D:2      | Reached skill level 1 in Air Magic
  1059 | D:2      | Reached skill level 1 in Earth Magic
  1059 | D:2      | Reached skill level 1 in Poison Magic
  1291 | D:2      | Noticed Terence
  1297 | D:2      | Noticed Natasha
  1317 | D:2      | Slain by Terence

Illustrated notes

Levels and vault maps discovered:
D:1:      minmay_arrival_statue_studded, layout_loops_corners,
          ebering_ecumenical_altar_ruins, minmay_pentomino_w2
D:2:      layout_loops_corners, grunt_ministairs_5, minmay_misc_feat_tower,
          chequers_serial_rivers_small_b, uniq_terence, uniq_natasha

Skill      XL: |  1  2  3  4 |
---------------+-------------+-----
Short Blades   | 1 |  1.2
Long Blades    | 1 |  1.2
Axes           | 1 |  1.2
Maces & Flails | 1 |  1.2
Polearms       | 1 |  1.2
Staves         | 1 |  1.2
Throwing       | 1 |  1.2
Armour         | 1 |  1.2
Shields        | 1 |  1.2
Unarmed Combat | 1 |  1.2
Spellcasting   | 1 |  1.2
Invocations    | 1 |  1.3
Evocations     | 1 |  1.2
Conjurations   | 1 |  1.0
Hexes          | 1 |  1.0
Summonings     | 1 |  1.0
Necromancy     | 1 |  1.0
Translocations | 1 |  1.0
Transmutations | 1 |  1.0
Fire Magic     | 1 |  1.0
Ice Magic      | 1 |  1.0
Air Magic      | 1 |  1.0
Earth Magic    | 1 |  1.0
Poison Magic   | 1 |  1.0
Fighting       | |  4.7
Ranged Weapons | |  8.6
Dodging        | |  4.7
Stealth        | |  2.6

Action                   |  1- 3 |  4- 6 || total
-------------------------+-------+-------++-------
 Fire: Shortbow          |    63 |    33 ||    96
Throw: Dart              |       |     5 ||     5
Armor: Leather armour    |     2 |     8 ||    10
Dodge: Dodged            |     9 |    18 ||    27

Table legend: (Time is in decaauts)
 A = Elapsed time spent in this place.
 B = Non-inter-level travel time spent in this place.
 C = Inter-level travel time spent in this place.
 D = Time resting spent in this place.
 E = Time spent auto-exploring this place.
 F = Levels seen in this place.
 G = Mean time per level.
                   A        B        C        D        E       F      G
               +--------+--------+--------+--------+--------+-----+--------+
         Total |   1333 |   1316 |     17 |      0 |   1138 |   2 |  666.5 |
       Dungeon |   1333 |   1316 |     17 |      0 |   1138 |   2 |  666.5 |
               +--------+--------+--------+--------+--------+-----+--------+

Top non-repeatable levels by time:
     D:1: 734 daAuts
     D:2: 598 daAuts
